 Dungeon Crawl Stone Soup version 0.27-a0-1196-g3e9cee4 (webtiles) character file.

Game seed: 13757585190424511608

58 Meow the Sneak (level 4, 36/36 HPs)
             Began as a Naga Venom Mage on May 27, 2021.
             Quit the game on level 3 of the Dungeon.
             The game lasted 00:05:52 (2154 turns).

Meow the Sneak (Naga Venom Mage)                    Turns: 2154, Time: 00:05:53

Health: 36/36      AC:  5    Str: 10    XL:     4   Next: 1%
Magic:  8/8        EV: 10    Int: 16    God:
Gold:   90         SH:  0    Dex: 12    Spells: 2/9 levels left

rFire    . . .     SeeInvis +   a - +0 club
rCold    . . .     Faith    .   (no shield)
rNeg     . . .     Spirit   .   h - +2 robe
rPois    +         Reflect  .   p - +0 helmet
rElec    .         Harm     .   c - scarf {repulsion}
rCorr    .         Rampage  .   (no gloves)
Will     +....                  (no barding)
Stlth    ++........             (no amulet)
HPRegen  0.12/turn              k - ring of willpower
MPRegen  0.11/turn              (no ring)

@: short of breath, repel missiles, very slow
A: AC +1, large, see invisible, deformed body, poison resistance, slowness 2,
spit poison 1, naga tail 1
a: Spit Poison


You were on level 3 of the Dungeon.
You visited 1 branch of the dungeon, and saw 3 of its levels.

You collected 90 gold pieces.

Inventory:

Hand Weapons
 a - a +0 club (weapon)
Missiles
 b - 95 stones (quivered)
 g - 33 arrows
 n - 4 boomerangs of dispersal
 o - 14 bolts
Armour
 c - a scarf of repulsion (worn)
 h - a +2 robe (worn)
 p - a +0 helmet (worn)
Jewellery
 k - a ring of willpower (left hand)
Scrolls
 e - a scroll of magic mapping {unknown}
 j - 2 scrolls of enchant armour
 m - 3 scrolls of noise
 q - a scroll of enchant weapon {unknown}
Potions
 d - a potion of attraction
 f - a potion of ambrosia
 i - a potion of heal wounds
 l - a potion of invisibility {unknown}


   Skills:
 - Level 1.5 Dodging
 + Level 4.1 Stealth
 * Level 3.0 Spellcasting
 + Level 1.4 Conjurations
 - Level 1.0 Transmutations
 - Level 4.0 Poison Magic


You had 2 spell levels left.
You knew the following spells:

 Your Spells              Type           Power      Damage    Failure   Level
a - Sting                 Tmut/Pois      40%        1d5       7%          1
c - Mephitic Cloud        Conj/Pois/Air  8%         N/A       26%         3
C - Ignite Poison         Fire/Tmut/Pois 7%         N/A       28%         3

Your spell library contained the following spells:

 Spells                   Type           Power      Damage    Failure   Level
 Poisonous Vapours        Pois/Air       16%        N/A       12%         2
 Olgreb's Toxic Radiance  Pois           15%        N/A       34%         4


Dungeon Overview and Level Annotations

Branches:
Dungeon (3/15)

Altars:


Innate Abilities, Weirdness & Mutations

Your serpentine skin is tough. (AC +1)
You have supernaturally acute eyesight. (SInv)
Armour fits poorly on your strangely shaped body.
Your system is resistant to poisons. (rPois)
You cover ground very slowly.
You can spit poison.
You have a snake-like lower body.


Message History

Press: ? - help, Q - select action, (/) - cycle Shift-Dir - straight line, f - frilled lizard
Aim: a frilled lizard (asleep, 98% to hit)
You throw a stone.
The stone completely misses the frilled lizard.
Unknown command.
Throw: 97 stones
Press: ? - help, Q - select action, (/) - cycle Shift-Dir - straight line, f/p - frilled lizard
Aim: a frilled lizard (asleep, 98% to hit)
You throw a stone. The stone hits the frilled lizard.
You kill the frilled lizard!
Unknown command.
Throw: 96 stones
Press: ? - help, Q - select action, (/) - cycle Shift-Dir - straight line, f - you Really target yourself?
Okay, then.
Unknown command.
You now have 90 gold pieces (gained 10).
There is an escape hatch in the floor here.
b - 97 stones (gained 1)
You see here a frilled lizard corpse.
A giant cockroach comes into view.
Throw: 97 stones
Press: ? - help, Q - select action, (/) - cycle Shift-Dir - straight line, f - giant cockroach
Aim: a giant cockroach (wandering, hasn't noticed you, 54% to hit)
You throw a stone.
The stone hits the giant cockroach but does no damage.
Unknown command.
Throw: 96 stones
Press: ? - help, Q - select action, (/) - cycle Shift-Dir - straight line, f/p - giant cockroach
Aim: a giant cockroach (54% to hit)
You throw a stone.
The stone hits the giant cockroach but does no damage.
Unknown command.
Press: ? - help, Shift-Dir - straight line, f/p - giant cockroach
Aim: a giant cockroach The splash of poison hits the giant cockroach.
You kill the giant cockroach!
You have reached level 4!
You feel agile.
Are you sure you want to abandon this character and quit the game? (Confirm with "yes".)

## #.### #.. #.# # #.#
#.# # #.# #.# #
#.#####.### #
#.##>....## #.
######.##.....#
.###..###.............##
.(.....@†>###...#.......
(.....######..........##
.###. #........### #
#.....#.... ##...##.####
##### .# .#


There were no monsters in sight!

Vanquished Creatures
  2 adders
  2 worms
  4 bats
  4 endoplasms
  2 giant cockroaches
  2 goblins
  2 hobgoblins
  4 jackals (D:1)
  2 quokkas (D:1)
  2 ball pythons
  2 frilled lizards
  3 rats (D:2)
31 creatures vanquished.

Vanquished Creatures (others)
  An adder (D:2)
1 creature vanquished.

Grand Total: 32 creatures vanquished

Notes
Turn   | Place    | Note
-------+----------+-------------------------------------------
     0 | D:1      | Meow the Naga Venom Mage began the quest for the Orb.
     0 | D:1      | Reached XP level 1. HP: 15/15 MP: 3/3
   366 | D:1      | Reached XP level 2. HP: 22/22 MP: 5/5
   902 | D:1      | Reached skill level 1 in Conjurations
   902 | D:1      | Reached XP level 3. HP: 28/28 MP: 3/6
   906 | D:1      | Learned a level 3 spell: Ignite Poison
   910 | D:1      | Learned a level 3 spell: Mephitic Cloud
   945 | D:2      | Found a faded altar of an unknown god.
  2154 | D:3      | Reached XP level 4. HP: 36/36 MP: 8/8
  2154 | D:3      | Quit the game

Illustrated notes

Levels and vault maps discovered:
D:1:      dpeg_arrival_simpleton_c, layout_rooms, serial_forest,
          infiniplex_forest_zigzag_1, infiniplex_forest_end_3,
          infiniplex_forest_lined_room_3, infiniplex_forest_zigzag_2,
          infiniplex_forest_lined_4_way
D:2:      layout_loops_corners, basic_ecumenical_altar, lemuel_old_faithful
D:3:      layout_loops_ring

Skill      XL: |  1  2  3 |
---------------+----------+-----
Conjurations   | 1 |  1.4
Stealth        | 4 |  4.1
Spellcasting   | 3 |  3.0
Dodging        | |  1.5
Transmutations | |  1.0
Poison Magic   | |  4.0

Action                   |  1- 3 |  4- 6 || total
-------------------------+-------+-------++-------
Throw: Stone             |    13 |       ||    13
 Cast: Sting             |    26 |       ||    26
 Abil: Spit Poison       |    35 |       ||    35
  Use: Scroll            |     6 |       ||     6
Armor: Robe              |     1 |       ||     1
Dodge: Dodged            |    10 |       ||    10

Table legend: (Time is in decaauts)
 A = Elapsed time spent in this place.
 B = Non-inter-level travel time spent in this place.
 C = Inter-level travel time spent in this place.
 D = Time resting spent in this place.
 E = Time spent auto-exploring this place.
 F = Levels seen in this place.
 G = Mean time per level.
                   A        B        C        D        E       F      G
               +--------+--------+--------+--------+--------+-----+--------+
         Total |   2747 |   2553 |    194 |    483 |   1750 |   3 |  915.7 |
       Dungeon |   2747 |   2553 |    194 |    483 |   1750 |   3 |  915.7 |
               +--------+--------+--------+--------+--------+-----+--------+

Top non-repeatable levels by time:
     D:2: 1498 daAuts
     D:1: 1132 daAuts
     D:3: 116 daAuts
